 Dungeon Crawl Stone Soup version 0.28.0-53-g5a82cb258f (webtiles) character file.

Game seed: 4194449439632761090

105 DocClef the Chopper (level 4, 0/39 HPs)
             Began as a Minotaur Berserker on July 5, 2022.
             Was a Believer of Trog.
             Slain by a goblin
             ... wielding a +0 club
              (2 damage)
             ... on level 2 of the Dungeon.
             The game lasted 00:03:11 (1655 turns).

DocClef the Chopper (Minotaur Berserker)            Turns: 1655, Time: 00:03:12

Health: 0/39       AC:  0    Str: 23    XL:     4   Next: 53%
Magic:  3/3        EV: 19    Int:  4    God:    Trog [**....]
Gold:   72         SH:  0    Dex: 15    Spells: 3/3 levels left

rFire   . . .      SeeInvis .   (weapon currently unavailable)
rCold   . . .      Faith    .   (shield currently unavailable)
rNeg    . . .      Spirit   .   (armour currently unavailable)
rPois   .          Reflect  .   (helmet currently unavailable)
rElec   .          Harm     .   (cloak currently unavailable)
rCorr   .          Rampage  .   (gloves currently unavailable)
Will    .....                   (boots currently unavailable)
Stlth   +.........              (no amulet)
HPRegen 0.13/turn               (ring currently unavailable)
MPRegen 0.08/turn               (ring currently unavailable)

@: bat-form, weak-willed, flying, very quick
A: fast, flying, no casting, tiny, (horns 2), (retaliatory headbutt)
a: Renounce Religion, Berserk, Trog's Hand


You were on level 2 of the Dungeon.
You worshipped Trog.
Trog was pleased with you.
You were a bat.
You visited 1 branch of the dungeon, and saw 2 of its levels.

You collected 72 gold pieces.

Inventory:

Hand Weapons
 a - a +0 hand axe (melded)
Armour
 b - a +0 animal skin (melded)
 i - a +0 buckler (melded)
Jewellery
 c - a ring of positive energy
 h - a ring of ice
Scrolls
 e - 3 scrolls of identify
 f - a scroll of noise


   Skills:
 - Level 3.6 Fighting
 + Level 6.5 Axes
 - Level 2.4 Armour
 - Level 2.1 Dodging


You had 3 spell levels left.
You didn't know any spells.
Your spell library was empty.

Dungeon Overview and Level Annotations

Branches:
Dungeon (2/15)

Altars:

Annotations:
D:2 Terence


Innate Abilities, Weirdness & Mutations

You are a bat.
You are tiny and dextrous.
You move quickly.
You are flying.
Your equipment is almost entirely melded.
You are incapable of wielding weapons or throwing items.
You cannot cast spells.
((You have a pair of horns on your head.))
((You reflexively headbutt those who attack you in melee.))


Message History

The goblin misses you.
You feel much better. Terence misses you. The goblin completely misses you.
You hit Terence but do no damage.
Terence is severely wounded.
Terence says, "How do you enjoy it?" Terence closely misses you.
The goblin closely misses you.
As you read the scroll labelled ZUOSHR XEUBO, it crumbles to dust.
You feel aware of your surroundings.
It was a scroll of magic mapping.
Terence barely misses you. The goblin misses you.
You hit Terence but do no damage.
Terence is severely wounded.
Terence hits you with a +0 short sword. The goblin barely misses you.
You hit Terence but do no damage.
Terence is severely wounded.
Terence hits you with a +0 short sword! The goblin hits you with a +0 club.
You hit Terence but do no damage.
Terence is severely wounded.
Terence closely misses you. The goblin closely misses you.
You hit the goblin but do no damage. Terence barely misses you.
The goblin barely misses you.
You hit Terence but do no damage.
Terence is severely wounded.
Terence completely misses you. The goblin closely misses you.
You aren't carrying any potions.
Okay, then.
You hit Terence but do no damage.
Terence is severely wounded.
Terence misses you. The goblin hits you with a +0 club.
You barely miss Terence.
Terence is severely wounded.
You barely miss Terence.
Terence is severely wounded.
Terence misses you. The goblin hits you with a +0 club.
* * * LOW HITPOINT WARNING * * *
You barely miss Terence.
Terence is severely wounded.
Terence hits you with a +0 short sword!
* * * LOW HITPOINT WARNING * * *
The goblin hits you with a +0 club.
You die...

#.....##.#ยง#
#.####..##.#
###.####.#.# #.# #..##(#
#.#
##.#.########.####..##.#
#.#
#..<.......g.@.........#
#.#
#..#.##.###########.#.##
###.#
#..#.##.###########.#.#
(...#
#..#.##.##..>.......#.#
###.#
#.......##@##########.#
#.# #.##.....gb# #.# #.#
#.########## #.# #.# #.#
#.# ###.###.# #.#
........# #.# .##.#####
#.# .##.# #.# .##.# #.#
....# #.#


You could see Terence (weak-willed) and a goblin (weak-willed).

Vanquished Creatures
  Jessica (D:2)
  A hound skeleton (D:2)
  An adder (D:2)
  An ufetubus (D:2)
  A worm (D:2)
  A dart slug (D:1)
  8 ball pythons
  3 bats
  3 endoplasms (D:1)
  2 giant cockroaches (D:1)
  4 goblins (D:1)
  2 hobgoblins (D:1)
  4 jackals (D:2)
  A quokka (D:1)
  4 frilled lizards
  3 kobolds
  7 rats
47 creatures vanquished.

Notes
Turn   | Place    | Note
-------+----------+-------------------------------------------
     0 | D:1      | DocClef the Minotaur Berserker began the quest for the Orb.
     0 | D:1      | Reached XP level 1. HP: 19/19 MP: 0/0
    40 | D:1      | Reached skill level 4 in Axes
   105 | D:1      | Reached XP level 2. HP: 26/26 MP: 1/1
   247 | D:1      | Found a faded altar of an unknown god.
   461 | D:1      | Reached ** piety under Trog
   547 | D:1      | Reached skill level 5 in Axes
   632 | D:1      | Reached XP level 3. HP: 31/31 MP: 2/2
  1208 | D:2      | Reached skill level 6 in Axes
  1208 | D:2      | Reached XP level 4. HP: 38/39 MP: 3/3
  1457 | D:2      | Noticed Jessica
  1465 | D:2      | Killed Jessica
  1528 | D:2      | Noticed Terence
  1655 | D:2      | Slain by a goblin

Illustrated notes

Levels and vault maps discovered:
D:1:      dpeg_arrival_round_a, layout_basic, basic_ecumenical_altar,
          serial_glass, glass_columns_a, glass_columns_a, due_unseen_surprise,
          feat_on_display, item_on_display_a, feat_on_display
D:2:      layout_loops_ring, uniq_jessica, uniq_terence

Skill      XL: |  1  2  3 |
---------------+----------+-----
Axes           | 4 5 6 |  6.5
Fighting       | |  3.6
Armour         | |  2.4
Dodging        | |  2.1

Action                   |  1- 3 |  4- 6 || total
-------------------------+-------+-------++-------
Melee: Hand axe          |    66 |    17 ||    83
       Headbutt          |     6 |     4 ||    10
       Punch             |     1 |       ||     1
       Unarmed           |       |    23 ||    23
  Use: Potion            |       |     6 ||     6
       Scroll            |       |     3 ||     3
 Stab: Sleeping          |     1 |       ||     1
Armor: Animal skin       |    18 |     1 ||    19
Dodge: Dodged            |    43 |    30 ||    73
Block: Buckler           |     3 |     2 ||     5
